Map: Galactic Process LE

Players

Elazer

  • Race: Zerg Zerg

ShoWTimE - Winner!

  • Race: Protoss Protoss

Event: 2016 WCS Global Finals

VOD

Have the link to the VOD?

Description

Time

  • Played on: Nov. 4, 2016, 3:51 p.m.
  • Length: 7:15

All games in this series

Show
View Real Time Build Order
Export as new Build Order

Elazer Zerg 

Build Orders: Pool First 

Get SALT Encoding   

  12  0:00  Drone  
  13  0:12  Overlord  
  13  0:16  Drone  
  14  0:30  Drone x2  
  14  0:35  Drone  
  17  0:44  Extractor  
  17  0:45  Drone  
  17  0:50  Spawning Pool  
  17  0:55  Drone  
  17  1:06  Drone  
  18  1:17  Drone  
  19  1:25  Hatchery  
  18  1:36  Queen  
  18  1:37  Zergling x2  
  21  1:43  Metabolic Boost  
  21  1:50  Overlord  
  21  1:53  Drone  
  22  2:08  Drone  
  23  2:10  Drone  
  23  2:12  Queen  
  26  2:23  Drone  
  27  2:32  Zergling x2  
  27  2:36  Pneumatized Carapace  
  28  2:37  Zergling x2  
  29  2:46  Hatchery  
  29  2:50  Drone x2  
  30  2:52  Drone  
  30  2:55  Drone  
  32  2:59  Overlord  
  32  3:02  Drone  
  32  3:05  Drone  
  34  3:09  Drone  
  35  3:15  Drone  
  35  3:19  Queen  
  38  3:20  Drone  
  38  3:21  Drone  
  38  3:24  Drone  
  38  3:25  Drone  
  42  3:28  Drone  
  43  3:34  Drone  
  43  3:36  Overlord  
  44  3:57  Drone x3, Queen  
  44  3:58  Queen  
  44  4:01  Drone x4  
  44  4:02  Evolution Chamber  
  54  4:08  Spore Crawler  
  53  4:11  Overlord  
  53  4:12  Drone  
  53  4:13  Drone x2  
  53  4:14  Drone  
  57  4:18  Overlord  
  57  4:21  Drone  
  57  4:22  Extractor  
  57  4:24  Drone  
  57  4:27  Zerg Melee Weapons Level 1  
  57  4:29  Overlord  
  58  4:33  Lair  
  58  4:35  Spore Crawler  
  57  4:40  Drone x2, Spore Crawler  
  57  4:41  Drone x2  
  57  4:42  Drone  
  57  4:45  Overlord  
  61  4:46  Drone  
  61  4:49  Drone  
  63  4:59  Extractor, Overlord  
  62  5:00  Drone x5  
  62  5:03  Queen  
  62  5:04  Overlord  
  69  5:08  Drone x2  
  69  5:09  Drone  
  69  5:10  Drone  
  69  5:13  Drone  
  74  5:15  Drone x3  
  74  5:17  Drone x2  
  74  5:18  Drone  
  78  5:26  Baneling Nest, Overlord  
  78  5:27  Drone  
  78  5:28  Drone  
  79  5:31  Extractor  
  79  5:33  Baneling Nest, Hydralisk Den  
  79  5:34  Extractor  
  75  5:37  Drone  
  75  5:38  Drone x3, Extractor  
  77  5:43  Overlord  
  77  5:44  Drone x3  
  77  5:48  Zergling x4  
  77  6:01  Drone x4  
  77  6:03  Hydralisk  
  77  6:04  Hydralisk  
  83  6:07  Overseer  
  84  6:16  Overlord  
  83  6:22  Drone  
  83  6:24  Hydralisk x4  
  92  6:28  Drone  
  92  6:29  Drone, Hatchery, Hydralisk x2  
  92  6:32  Zergling x2  
  98  6:35  Baneling x3  
  98  6:37  Zergling x2  
  98  6:38  Zergling x6  
  98  6:39  Baneling x2  
  99  6:48  Overlord  
  99  6:49  Zergling x6  
  89  6:57  Zergling x2  
Show
View Real Time Build Order
Export as new Build Order

ShoWTimE Protoss - Winner!

Build Orders: 1 Gate Expand, Phoenix Opening 

Get SALT Encoding   

  12  0:00  Probe (Chrono Boost)  
  13  0:11  Probe (Chrono Boost)  
  14  0:17  Pylon  
  14  0:22  Probe (Chrono Boost)  
  16  0:35  Probe (Chrono Boost)  
  16  0:38  Gateway  
  16  0:45  Assimilator  
  16  0:48  Probe (Chrono Boost)  
  17  0:59  Probe (Chrono Boost)  
  18  1:09  Probe (Chrono Boost)  
  19  1:22  Nexus  
  20  1:25  Probe (Chrono Boost)  
  20  1:35  Cybernetics Core  
  20  1:39  Probe (Chrono Boost)  
  21  1:43  Assimilator  
  21  1:50  Probe (Chrono Boost)  
  21  1:54  Pylon  
  22  2:00  Probe (Chrono Boost)  
  23  2:08  Adept  
  23  2:12  Warp Gate  
  23  2:13  Probe (Chrono Boost)  
  26  2:25  Probe (Chrono Boost)  
  27  2:32  Zealot  
  27  2:34  Probe (Chrono Boost), Stargate  
  31  2:38  Probe (Chrono Boost)  
  31  2:45  Probe (Chrono Boost)  
  31  2:50  Probe (Chrono Boost)  
  33  2:56  Mothership Core (Chrono Boost)  
  35  3:00  Probe (Chrono Boost)  
  35  3:02  Gateway  
  36  3:11  Probe (Chrono Boost)  
  37  3:15  Probe (Chrono Boost), Phoenix  
  37  3:17  Pylon  
  40  3:21  Probe (Chrono Boost)  
  42  3:27  Probe (Chrono Boost)  
  42  3:32  Probe (Chrono Boost)  
  43  3:36  Pylon  
  43  3:37  Phoenix  
  43  3:39  Probe (Chrono Boost)  
  46  3:42  Probe (Chrono Boost)  
  47  3:51  Probe (Chrono Boost)  
  47  3:53  Probe (Chrono Boost)  
  49  3:58  Nexus  
  49  4:01  Phoenix  
  50  4:03  Probe (Chrono Boost)  
  50  4:08  Probe (Chrono Boost)  
  53  4:11  Assimilator  
  53  4:13  Assimilator  
  53  4:16  Probe (Chrono Boost)  
  54  4:18  Probe (Chrono Boost)  
  54  4:20  Twilight Council  
  55  4:27  Phoenix  
  55  4:28  Probe (Chrono Boost)  
  55  4:29  Probe (Chrono Boost)  
  59  4:31  Pylon  
  59  4:41  Probe (Chrono Boost)  
  59  4:44  Robotics Facility  
  60  4:47  Resonating Glaives  
  60  4:59  Gateway  
  60  5:00  Gateway, Phoenix  
  60  5:04  Gateway  
  62  5:12  Gateway  
  62  5:21  Gateway  
  62  5:23  Gateway  
  62  5:26  Probe x2 (Chrono Boost)  
  62  5:27  Probe (Chrono Boost)  
  65  5:30  Warp Prism  
  65  5:32  Adept  
  69  5:37  Adept  
  69  5:42  Pylon  
  71  5:50  Pylon  
  71  5:58  Adept x4  
  71  6:00  Pylon  
  79  6:08  Pylon  
  79  6:26  Adept x4  
  79  6:27  Adept x4  
  79  6:31  Pylon  
  93  6:47  Adept x3  
  93  6:48  Adept x3  
  101  6:55  Adept x2  
  95  7:08  Adept x3  
  95  7:09  Adept x3  
Tags
 
Add a new tag
Caveats
  • Supply blocks, unpowered buildings, or Contaminate may cause inaccurate times.
  • Supply counts are checked every 10 seconds.